 Dungeon Crawl Stone Soup version 0.19.3-4-gbf9329e (console) character file.

7179 CALLOUS the Covert (level 11, -11/58 HPs)
             Began as a Vine Stalker Assassin on Jan 23, 2017.
             Was an Initiate of Ru.
             Mangled by a komodo dragon (22 damage)
             ... on level 2 of the Lair of Beasts on Jan 29, 2017.
             The game lasted 05:41:46 (14953 turns).

CALLOUS the Covert (Vine Stalker Assassin)         Turns: 14953, Time: 05:41:46

Health: -11/58     AC:  9    Str: 18    XL:     11   Next: 11%
Magic:  0/19       EV: 14    Int: 11    God:    Ru [......]
Gold:   701        SH:  0    Dex: 15    Spells: 6 memorised, 13 levels left

rFire  . . .     SeeInvis .     O - +1 dagger (venom)
rCold  . . .     Gourm    .     N - +0 steam dragon scales
rNeg   . . .     Faith    .     (no shield)
rPois  +         Spirit   +     u - +0 helmet
rElec  .         Reflect  .     A - +1 cloak {MR+}
rCorr  .         Harm     .     o - +0 pair of gloves
MR     ++...                    (no boots)
Stlth  ++++......               (no amulet)
                                (no ring)
                                (no ring)

@: no status effects
A: fangs 3, low mp 1, poison resistance, regeneration 1, magic shield, antimagic
bite, no device heal 3, rot immunity
a: Renounce Religion


You were on level 2 of the Lair of Beasts.
You worshipped Ru.
Ru was noncommittal.
You were not hungry.

You visited 2 branches of the dungeon, and saw 13 of its levels.

You collected 701 gold pieces.

Inventory:

Hand Weapons
 a - a +2 dagger
 b - a +0 blowgun
 s - a +1 hand axe of venom
 t - a +4 mace
 z - a +4 quarterstaff of chaos
 D - a +0 hunting sling
 O - a +1 dagger of venom (weapon)
 Q - a +1 scythe of distortion
 X - a +2 war axe of chopping
Missiles
 e - 35 poisoned needles
 h - 39 sling bullets
 k - 223 stones (quivered)
 B - 130 arrows
 R - 2 curare-tipped needles
Armour
 d - a +2 robe of resistance
 o - a +0 pair of gloves (worn)
 u - a +0 helmet (worn)
 w - a cursed +0 helmet
 A - a +1 cloak of magic resistance (worn)
 G - a +0 helmet
 J - a +2 leather armour of poison resistance
 L - a +0 helmet
 N - +0 steam dragon scales (worn)
 W - a cursed -1 ring mail
Magical Staves
 I - an uncursed staff of air {unknown}
Jewellery
 q - an uncursed ring of ice {unknown}
 y - an uncursed ring of poison resistance {unknown}
 C - an uncursed ring of protection from cold {unknown}
 P - an uncursed ring of resist corrosion {unknown}
Wands
 f - a wand of paralysis (16/24)
Scrolls
 j - 11 scrolls of identify {unknown}
 l - a scroll of blinking {unknown}
 m - a scroll of magic mapping {unknown}
 p - 4 scrolls of remove curse {unknown}
 E - 4 scrolls of teleportation {unknown}
 F - 3 scrolls of enchant armour {unknown}
 H - 2 scrolls of noise {unknown}
 M - a scroll of vulnerability {unknown}
 S - 3 scrolls of immolation {unknown}
 V - 2 scrolls of enchant weapon {unknown}
 Z - a scroll of random uselessness {unknown}
Potions
 i - 4 potions of lignification
 x - 5 potions of curing
 K - 3 potions of haste
 U - a potion of invisibility
 Y - a potion of flight
Miscellaneous
 c - a phial of floods
Comestibles
 g - 5 chunks of flesh
 n - 5 beef jerkies
 r - 4 meat rations
 v - 2 slices of pizza
 T - 2 royal jellies


   Skills:
 * Level 7.5 Fighting
 - Level 1.7 Short Blades
 - Level 1.7 Throwing
 + Level 4.3 Dodging
 + Level 9.0 Stealth
 * Level 6.8 Unarmed Combat
 * Level 6.7 Spellcasting
 * Level 5.0 Hexes
 * Level 3.1 Transmutations
 * Level 4.8 Ice Magic


You had 13 spell levels left.
You knew the following spells:

 Your Spells              Type           Power        Failure   Level  Hunger
a - Corona                Hex            ##.....      2%          1    None
b - Ensorcelled Hibernat  Hex/Ice        ##....       3%          2    ##.....
c - Confusing Touch       Hex            ##....       2%          1    None
d - Tukima's Dance        Hex            ##......     10%         3    ###....
e - Beastly Appendage     Tmut           ##....       6%          1    None
f - Sticks to Snakes      Tmut           ##......     10%         2    ##.....


Dungeon Overview and Level Annotations

Branches:
Dungeon (10/15)            Temple (0/1) D:7            Lair (3/6) D:9
 Spider (0/4) Lair:3
  Swamp: Lair:2-4    Shoals: Lair:2-4       Orc: D:9-12

Altars:
Ashenzari
Gozag
Makhleb
Ru
Sif Muna
Trog
Uskayaw

Annotations:
D:2 1 exclusion
D:3 1 exclusion
D:4 1 exclusion
D:5 2 exclusions
D:6 exclusion: 4 electric eels
D:7 1 exclusion
D:9 exclusions: bullfrog and troll
D:10 exclusion: troll, Snorg
Lair:1 exclusions: bullfrog, porcupine, 2 spiny frogs and 2 water moccasins
Lair:2 exclusions: electric eel, spiny frog, water moccasin, 4 wolves and wyvern
Lair:3 exclusions: 2 blink frogs, bullfrog and hydra


Innate Abilities, Weirdness & Mutations

You have razor-sharp teeth.
Your natural rate of healing is unusually fast.
When hurt, damage is shared between your health and your magic reserves.
Your bite disrupts and absorbs the magic of your enemies.
Potions and wands cannot restore your health.
You are immune to rotting.
Your magical capacity is low. (-10% MP)
Your system is resistant to poisons. (rPois)


Message History

The komodo dragon is moderately wounded.
The komodo dragon closely misses you.
The komodo dragon looks more healthy.
You hit the komodo dragon but do no damage.
You bite the komodo dragon. You drain its power.
The komodo dragon is heavily wounded.
The komodo dragon bites you!!
You barely miss the komodo dragon. Your bite misses the komodo dragon.
The komodo dragon is heavily wounded.
You closely miss the komodo dragon. You bite the komodo dragon.
You drain its power.
You feel invigorated.
The komodo dragon is heavily wounded.
The komodo dragon bites you!!
You hit the komodo dragon but do no damage.
The komodo dragon is poisoned.
Your bite misses the komodo dragon.
The komodo dragon is heavily wounded.
The komodo dragon bites you!!
* * * LOW HITPOINT WARNING * * *
The komodo dragon bites you!!
You die...

#.## ### ###.# #.### #### #...#
##..### #..# P..## #..#.# #.##
..#.# ##...## #.## ...##
#.....## ###..# .### ##.....###
#.#.## P# ##.#..#.## ##..# ## ##
###P....## ####P..###. .##
###..#.###.#.......# ..#
##.@l.........##...# ..##
#..+####.#.#'.###... ...##
##..........#.###### ##..###
#######......##'.#.รท#####
##...###.##.##.#.#....#...#.#.#.
##....##..#.#.#.#..#.#.........
#.............#....#........#.#
#P...................#....#####
##............#....##'....## #
#..........................#
##...............#...#....P#


You could see a komodo dragon.

Vanquished Creatures
  Psyche (D:8)
  A komodo dragon (Lair:3)
  A blink frog (Lair:3)
  A hippogriff (Lair:3)
  Prince Ribbit (D:8)
  7 yaks
  A steam dragon (D:9)
  A hungry ghost (D:9)
  A water moccasin (Lair:2)
  2 porcupines
  2 orc warriors
  4 ice beasts
  A black bear (D:7)
  2 phantoms
  2 sky beasts
  A necrophage (D:9)
  3 ogres
  6 wolves (Lair:2)
  A centaur (D:7)
  7 crocodiles
  4 big kobolds
  6 bullfrogs
  A gnoll sergeant (D:6)
  3 scorpions
  A water moccasin skeleton (D:6)
  A howler monkey (D:7)
  4 crimson imps
  2 bullfrog zombies
  A centaur zombie (D:8)
  5 hounds
  Crazy Yiuf (D:2)
  An orc priest (D:7)
  3 jellies
  A bullfrog skeleton (D:5)
  3 iguanas
  Terence (D:2)
  7 worker ants
  3 orc wizards
  A killer bee zombie (D:6)
  A hound skeleton (D:4)
  Robin (D:2)
  5 gnolls (D:6)
  17 adders
  An adder zombie (D:8)
  4 adder skeletons
  A worm (D:2)
  2 dart slugs
  4 leopard geckos
  16 orcs
  2 ball pythons (D:4)
  6 giant cockroaches
  8 hobgoblins
  14 jackals
  26 kobolds
  3 quokkas
  7 bats
  9 frilled lizards
  14 goblins
  A jackal skeleton (D:4)
  A leopard gecko skeleton (D:4)
  A leopard gecko zombie (D:5)
  A quokka zombie (D:6)
  5 rats
245 creatures vanquished.

Vanquished Creatures (others)
  A fungus (Lair:1)
  A plant (Lair:2)
2 creatures vanquished.

Grand Total: 247 creatures vanquished

Notes
Turn   | Place    | Note
-------+----------+-------------------------------------------
     0 | D:1      | CALLOUS the Vine Stalker Assassin began the quest for the Orb.
     0 | D:1      | Reached XP level 1. HP: 11/11 MP: 2/2
    74 | D:1      | Reached skill level 5 in Stealth
   131 | D:1      | Reached XP level 2. HP: 15/15 MP: 3/3
   367 | D:1      | Reached skill level 1 in Unarmed Combat
   533 | D:1      | Reached skill level 1 in Spellcasting
   569 | D:1      | Reached XP level 3. HP: 17/18 MP: 5/5
   793 | D:2      | Noticed Robin
   821 | D:2      | Killed Robin
  1156 | D:2      | Gained mutation: Your natural rate of healing is unusually fast. [Vine Stalker growth]
  1156 | D:2      | Reached XP level 4. HP: 23/23 MP: 7/7
  1439 | D:2      | Noticed Terence
  1536 | D:2      | Found a runed door.
  1843 | D:2      | Noticed Crazy Yiuf
  1847 | D:2      | Killed Crazy Yiuf
  1847 | D:2      | Reached skill level 6 in Stealth
  1993 | D:2      | Killed Terence
  1993 | D:2      | Reached XP level 5. HP: 27/27 MP: 7/9
  3346 | D:4      | Learned a level 1 spell: Corona
  3349 | D:4      | Learned a level 2 spell: Ensorcelled Hibernation
  3428 | D:4      | Noticed an ogre
  3538 | D:4      | Reached skill level 7 in Stealth
  3538 | D:4      | Reached XP level 6. HP: 30/32 MP: 10/10
  3813 | D:4      | Noticed a phantom
  4004 | D:5      | Entered Level 5 of the Dungeon
  4004 | D:5      | Noticed an ice beast
  4636 | D:3      | Reached skill level 1 in Dodging
  4772 | D:5      | Killed an ice beast
  4772 | D:5      | Reached skill level 1 in Hexes
  4772 | D:5      | Reached skill level 1 in Ice Magic
  4916 | D:5      | Reached XP level 7. HP: 36/36 MP: 8/11
  5466 | D:6      | Found a deep blue altar of Sif Muna.
  5923 | D:7      | Gained mutation: You have razor-sharp teeth. [Vine Stalker growth]
  5923 | D:7      | Reached XP level 8. HP: 26/42 MP: 9/13
  6210 | D:6      | Learned a level 1 spell: Confusing Touch
  6797 | D:7      | Found a sacrificial altar of Ru.
  6800 | D:7      | Found a bloodstained altar of Trog.
  6800 | D:7      | Found a shattered altar of Ashenzari.
  6803 | D:7      | Found an opulent altar of Gozag.
  6805 | D:7      | Became a worshipper of Ru the Awakened
  7190 | D:7      | Found a staircase to the Ecumenical Temple.
  8276 | D:8      | Noticed Prince Ribbit
  8282 | D:8      | Noticed Psyche
  8293 | D:8      | Killed Prince Ribbit
  8293 | D:8      | Reached skill level 5 in Fighting
  8293 | D:8      | Reached skill level 5 in Unarmed Combat
  8293 | D:8      | Reached XP level 9. HP: 34/47 MP: 10/16
  8296 | D:8      | Killed Psyche
  8518 | D:8      | Found a hide-covered altar of Uskayaw.
  9064 | D:7      | Fell from the grace of Ru
  9065 | D:7      | Became a worshipper of Ru the Awakened
  9312 | D:9      | Noticed a troll
  9383 | D:9      | Reached skill level 8 in Stealth
  9733 | D:9      | Found a staircase to the Lair.
  9756 | D:9      | Learned a level 3 spell: Tukima's Dance
  9846 | D:9      | Gained mutation: Your magical capacity is low. (-10% MP) [mutagenic meat]
  9847 | D:9      | Gained mutation: Your system is resistant to poisons. (rPois) [mutagenic meat]
 10314 | D:5      | Learned a level 1 spell: Beastly Appendage
 10317 | D:5      | Learned a level 2 spell: Sticks to Snakes
 10783 | D:4      | Reached XP level 10. HP: 53/53 MP: 16/16
 10952 | D:5      | Reached skill level 1 in Transmutations
 11581 | D:7      | Fell from the grace of Ru
 11582 | D:7      | Became a worshipper of Ru the Awakened
 12050 | Lair:1   | Entered Level 1 of the Lair of Beasts
 12095 | Lair:1   | Reached skill level 5 in Spellcasting
 12204 | Lair:1   | Noticed a spiny frog
 12647 | D:10     | Entered Level 10 of the Dungeon
 12707 | D:10     | Noticed Snorg
 12736 | D:9      | Upgraded the game from 0.19.3 to 0.19.3-1-g3169bf9
 12833 | Lair:2   | Noticed a spiny frog
 13604 | D:7      | Fell from the grace of Ru
 13605 | D:7      | Became a worshipper of Ru the Awakened
 13818 | Lair:1   | Noticed a spiny frog
 14420 | Lair:3   | Found a hole to the Spider Nest.
 14476 | Lair:3   | Noticed a five-headed hydra
 14553 | Lair:3   | Noticed a black mamba
 14575 | Lair:3   | Found a burning altar of Makhleb.
 14638 | Lair:3   | Reached XP level 11. HP: 54/58 MP: 16/19
 14722 | Lair:3   | Reached skill level 5 in Hexes
 14731 | Lair:3   | Reached skill level 9 in Stealth
 14736 | Lair:3   | Noticed a seven-headed hydra
 14737 | Lair:3   | Upgraded the game from 0.19.3-1-g3169bf9 to 0.19.3-4-gbf9329e
 14953 | Lair:2   | Mangled by a komodo dragon

Skill      XL: |  1  2  3  4  5  6  7  8  9 10 11 |
---------------+----------------------------------+-----
Stealth        | 5 6 7 8 9 |  9.0
Unarmed Combat | 1 2 3 5 6 |  6.8
Spellcasting   | 1 2 3 4 6 |  6.7
Fighting       | 2 3 4 5 6 7 |  7.5
Dodging        | 1 2 3 4 |  4.3
Hexes          | 1 2 4 5 |  5.0
Ice Magic      | 1 2 3 4 |  4.8
Transmutations | 3 |  3.1
Short Blades   | |  1.7
Throwing       | |  1.7

Action                   |  1- 3 |  4- 6 |  7- 9 | 10-12 || total
-------------------------+-------+-------+-------+-------++-------
Melee: Dagger            |    75 |    67 |   109 |   108 ||   359
       Bite              |    18 |    30 |   108 |    73 ||   229
       Punch             |       |     2 |     6 |     8 ||    16
       Unarmed           |       |    44 |   149 |    70 ||   263
       Quarterstaff      |       |    11 |    75 |     8 ||    94
       Kick              |       |       |       |    28 ||    28
 Fire: Blowgun           |       |     3 |    44 |     2 ||    49
       Hunting sling     |       |    55 |   169 |   104 ||   328
Throw: Stone             |    33 |    32 |    24 |     3 ||    92
 Cast: Corona            |       |     4 |     3 |       ||     7
       Confusing Touch   |       |       |    10 |     4 ||    14
       Beastly Appendage |       |       |       |    20 ||    20
       Ensorcelled Hiber |       |       |       |    13 ||    13
       Sticks to Snakes  |       |       |       |     4 ||     4
Invok: Reject Sacrifices |       |       |     1 |     2 ||     3
       Renounce Religion |       |       |     1 |     2 ||     3
  Use: Potion            |     2 |     3 |     3 |     3 ||    11
 Stab: Sleeping          |    10 |     6 |     4 |     6 ||    26
       Distracted        |     1 |     1 |       |     1 ||     3
       Confused          |       |       |     8 |     2 ||    10
       Paralysed         |       |       |     1 |       ||     1
       Invisible         |       |       |       |     1 ||     1
  Eat: Chunk             |     1 |    12 |    20 |    14 ||    47
Armor: Robe              |    14 |    32 |    93 |    11 ||   150
       Steam dragon scal |       |       |       |    34 ||    34
Dodge: Dodged            |    24 |    57 |   200 |   149 ||   430
